 Dungeon Crawl Stone Soup version 0.25-a0-426-g7d9e569eea (webtiles) character file.

Game seed: 10989068547011120048, levelgen mode: deterministic

226 Trig the Sneak (level 6, -6/32 HPs)
             Began as a Vine Stalker Assassin on Jan 25, 2020.
             Killed by divine providence
             ... invoked by an orc priest
              (14 damage)
             ... on level 4 of the Dungeon.
             The game lasted 00:29:38 (2216 turns).

Trig the Sneak (Vine Stalker Assassin)              Turns: 2216, Time: 00:29:39

Health: -6/32      AC:  6    Str: 14    XL:     6   Next: 1%
Magic:  0/8        EV: 12    Int: 11    God:
Gold:   139        SH:  0    Dex: 17    Spells: 7/7 levels left

rFire    . . .     SeeInvis .   a - +2 dagger
rCold    . . .     Gourm    .   (no shield)
rNeg     . . .     Faith    .   r - +2 leather armour {MR+}
rPois    .         Spirit   +   (no helmet)
rElec    .         Reflect  .   c - +0 cloak
rCorr    .         Harm     .   (no gloves)
MR       +....                  (no boots)
Stlth    +++.......             (no amulet)
HPRegen  0.50/turn              (no ring)
MPRegen  0.11/turn              (no ring)

@: no status effects
A: fangs 2, regeneration 1, magic shield, antimagic bite, no potion heal 3, rot
immunity
a: no special abilities


You were on level 4 of the Dungeon.
You were not hungry.

You visited 1 branch of the dungeon, and saw 4 of its levels.

You collected 139 gold pieces.

Inventory:

Hand Weapons
 a - a +2 dagger (weapon)
 p - a +0 hunting sling
Missiles
 d - 8 poisoned darts
 e - 2 curare-tipped darts
 g - 95 stones (quivered)
Armour
 b - a +0 robe
 c - a +0 cloak (worn)
 i - a +0 ring mail
 r - a +2 leather armour of magic resistance (worn)
 t - a cursed +0 scale mail
Jewellery
 j - an uncursed ring of wizardry {unknown}
 s - an uncursed amulet of regeneration {unknown}
Scrolls
 k - 2 scrolls of fear {unknown}
 l - 3 scrolls of identify {unknown}
 n - a scroll of remove curse {unknown}
 o - 3 scrolls of teleportation {unknown}
 q - a scroll of fog {unknown}
Potions
 m - 2 potions of lignification {unknown}
 u - a potion of flight {unknown}
 v - a potion of invisibility {unknown}
 w - a potion of degeneration {unknown}
Comestibles
 f - 5 rations
 h - a chunk of flesh


   Skills:
 + Level 2.9 Fighting
 + Level 2.9 Short Blades
 - Level 1.7 Throwing
 + Level 2.2 Dodging
 + Level 6.3 Stealth
 + Level 1.1 Spellcasting


You had 7 spell levels left.
You didn't know any spells.
Your spell library was empty.

Dungeon Overview and Level Annotations

Branches:
Dungeon (3/15)

Altars:
Ashenzari
Xom


Innate Abilities, Weirdness & Mutations

You have extremely sharp teeth.
Your natural rate of healing is unusually fast.
When hurt, damage is shared between your health and your magic reserves.
Your bite disrupts and absorbs the magic of your enemies.
Potions cannot restore your health.
You are immune to rotting.


Message History

The orc priest closely misses you.
You closely miss the orc priest.
The orc priest hits you but does no damage.
You barely miss the orc priest.
The orc priest mumbles some strange prayers to Beogh against you.
Beogh smites you!
You barely miss the orc priest.
You bite the orc priest, but do no damage.
The orc priest barely misses you.
You hit the orc priest. You bite the orc priest. You drain its power.
You feel invigorated.
The orc priest is moderately wounded.
The orc priest invokes the aid of Beogh against you.
Beogh smites you!
* * * LOW HITPOINT WARNING * * *
Okay, then.
The orc priest looks satisfied for a moment.
The orc priest mumbles some strange prayers to Beogh against you.
Beogh smites you!
You die...

##.............8...8...8.#
##............#...#...#...#
#...#........###.###.###.###
#...#..#......#...#..)#....#
..............#.8...8...8..#
....##........#...#...#....#
##.).............##..##.##.###
#..####...........#..#..##...##
##.# ####......@...o#....###.##
##.### #..###.####.......##..##
#..#.#####..##..#
#...#.......†#
.............##..
###....)......
....##..........##
#............ .................
##.........(. ................
#............ ..<............##
...............
................
.##.....![.....


You could see an orc priest.

Vanquished Creatures
  A hound (D:1)
  An orc priest (D:4)
  An orc wizard (D:4)
  4 gnolls (D:2)
  4 adders
  2 worms (D:2)
  A dart slug (D:2)
  3 leopard geckos
  2 orcs
  A ball python (D:1)
  3 giant cockroaches
  11 goblins
  4 hobgoblins
  6 bats
  2 frilled lizards (D:1)
  8 kobolds
  A quokka skeleton (D:4)
  6 rats
61 creatures vanquished.

Notes
Turn   | Place    | Note
-------+----------+-------------------------------------------
     0 | D:1      | Trig the Vine Stalker Assassin began the quest for the Orb.
     0 | D:1      | Reached XP level 1. HP: 11/11 MP: 2/2
   118 | D:1      | Reached skill level 5 in Stealth
   253 | D:1      | Reached XP level 2. HP: 15/15 MP: 3/3
   334 | D:1      | Reached skill level 1 in Dodging
  1186 | D:1      | Reached XP level 3. HP: 15/18 MP: 4/4
  1199 | D:1      | Gained mutation: Your natural rate of healing is unusually
                  | fast. [Vine Stalker growth]
  1199 | D:1      | Reached XP level 4. HP: 14/23 MP: 3/5
  1383 | D:2      | Reached XP level 5. HP: 18/27 MP: 6/6
  1523 | D:2      | Found a shattered altar of Ashenzari.
  1523 | D:2      | Found a shimmering altar of Xom.
  1525 | D:2      | Reached skill level 6 in Stealth
  2018 | D:3      | You fall into a shaft and drop 1 floor!
  2202 | D:4      | Reached skill level 1 in Spellcasting
  2202 | D:4      | Reached XP level 6. HP: 20/32 MP: 6/8
  2216 | D:4      | Killed from afar by an orc priest

Levels and vault maps discovered:
D:1:      dpeg_arrival_lava_temple_mockup, layout_basic
D:2:      layout_rooms, gammafunk_temple_overflow_statue
D:3:      layout_loops_ring, chequers_decorated_corner, kennysheep_potato
D:4:      gammafunk_steamed_eel, layout_cave_pools, nicolae_ossuary_entry_giza,
          first_ration, kennysheep_cluttered_room,
          minmay_misc_feat_four_crosses, nrook_campfire

Skill      XL: |  1  2  3  4  5 |
---------------+----------------+-----
Stealth        | 5 6 |  6.3
Dodging        | 1 2 |  2.2
Fighting       | 2 |  2.9
Short Blades   | 2 |  2.9
Spellcasting   | 1 |  1.1
Throwing       | |  1.7

Action                   |  1- 3 |  4- 6 || total
-------------------------+-------+-------++-------
Melee: Dagger            |    58 |   147 ||   205
       Bite              |    14 |    45 ||    59
 Stab: Sleeping          |     4 |     5 ||     9
  Eat: Chunk             |     1 |     3 ||     4
Armor: Ring mail         |    25 |     9 ||    34
       Robe              |     1 |       ||     1
       Leather armour    |       |    20 ||    20
Dodge: Dodged            |    40 |    74 ||   114

Table legend:
 A = Non-vault XP
 B = Vault XP
 C = Vault XP percentage of total XP
 D = Non-vault monster count
 E = Vault monster count
 F = Vault count percentage of total count
                 A         B        C        D         E       F
            +---------+---------+-------+---------+---------+-------
      Total |     324 |       0 |   0.0 |      61 |       0 |   0.0
            +---------+---------+-------+---------+---------+-------
        D:1 |     102 |       0 |   0.0 |      24 |       0 |   0.0
        D:2 |     114 |       0 |   0.0 |      28 |       0 |   0.0
        D:3 |       7 |       0 |   0.0 |       3 |       0 |   0.0
        D:4 |     101 |       0 |   0.0 |       6 |       0 |   0.0
            +---------+---------+-------+---------+---------+-------
